 Dungeon Crawl Stone Soup version 0.22.1-1-ga44c0e5 (webtiles) character file.

8413 Folque the Destroyer (level 11, -2/136 HPs)
             Began as a Deep Elf Venom Mage on Oct 6, 2018.
             Was a Believer of Vehumet.
             Slain by a black mamba (5 damage)
             ... on level 1 of the Lair of Beasts.
             The game lasted 01:05:50 (13404 turns).

Folque the Destroyer (Deep Elf Venom Mage)         Turns: 13404, Time: 01:05:51

Health: -2/136     AC: 25    Str: 10    XL:     11   Next: 9%
Magic:  1/25       EV:  2    Int: 23    God:    Vehumet [**....]
Gold:   365        SH:  0    Dex: 16    Spells: 3/26 levels left

rFire    . . .     SeeInvis .   A - +1 hand axe (flame)
rCold    . . .     Gourm    .   (no shield)
rNeg     + + +     Faith    .   (armour currently unavailable)
rPois    +         Spirit   .   (helmet currently unavailable)
rElec    .         Reflect  .   (cloak currently unavailable)
rCorr    .         Harm     .   (gloves currently unavailable)
MR       +....     NoTele   +   (boots currently unavailable)
Stlth    ..........             (no amulet)
HPRegen  0.32/turn              n - +4 ring of evasion
MPRegen  0.19/turn              (no ring)

@: berserking, lethally poisoned (-2 -> -6), tree-form, very quick
A: no striking features
a: Renounce Religion


You were on level 1 of the Lair of Beasts.
You worshipped Vehumet.
Vehumet was pleased with you.
You were very hungry.
You were a tree.
You visited 3 branches of the dungeon, and saw 11 of its levels.

You collected 365 gold pieces.

Inventory:

Hand Weapons
 i - a +0 dagger
 o - a +2 whip of draining
 r - a +0 rapier
 A - a +1 hand axe of flaming (weapon)
 L - a +0 whip of freezing
Missiles
 x - 9 javelins (quivered)
 B - 4 tomahawks
 I - 5 needles of sleeping
 O - 3 throwing nets
Armour
 a - a +0 robe
 b - the +2 cloak of Gestures (melded) {Slay+3}
   (You found it on level 6 of the Dungeon)

   It affects your accuracy and damage with ranged weapons and melee attacks
   (+3).
 s - a +0 helmet
 y - a +2 helmet of see invisible (melded)
 J - a cursed +0 cloak
 K - a +0 robe of magic resistance (melded)
Jewellery
 j - an uncursed amulet of harm
 n - a +4 ring of evasion (left branch)
 G - an uncursed ring of poison resistance {unknown}
Wands
 M - a wand of enslavement (11)
 P - a wand of acid (12)
 Q - a wand of random effects (21)
Scrolls
 d - 2 scrolls of teleportation
 e - a scroll of random uselessness
 k - a scroll of blinking
 l - a scroll of amnesia
 u - 2 scrolls of enchant weapon
 D - 5 scrolls of remove curse
 E - 2 scrolls of immolation {unknown}
 F - a scroll of fear {unknown}
 N - 2 scrolls of identify
 R - a scroll of magic mapping
Potions
 f - a potion of agility {unknown}
 g - 2 potions of lignification
 h - a potion of flight {unknown}
 m - 2 potions of cancellation
 p - a potion of might {unknown}
 q - 2 potions of resistance
 t - a potion of degeneration {unknown}
 v - a potion of mutation {unknown}
 w - 4 potions of berserk rage
 z - 3 potions of heal wounds {unknown}
 C - a potion of ambrosia {unknown}
 H - a potion of invisibility {unknown}
Comestibles
 c - 18 rations


   Skills:
 - Level 4.0 Fighting
 - Level 2.0 Axes
 - Level 2.1 Throwing
 + Level 8.3 Dodging
 - Level 2.4 Stealth
 - Level 8.1 Spellcasting
 + Level 10.6 Conjurations
 - Level 4.6 Hexes
 - Level 4.0 Fire Magic
 - Level 2.4 Ice Magic
 - Level 1.1 Air Magic
 - Level 7.1 Poison Magic
 - Level 4.0 Evocations


You had 3 spell levels left.
You knew the following spells:

 Your Spells              Type           Power        Failure   Level  Hunger
a - Sting                 Conj/Pois      ####         1%          1    None
b - Poisonous Vapours     Pois/Air       ####..       1%          2    None
c - Mephitic Cloud        Conj/Pois/Air  #####...     1%          3    None
d - Inner Flame           Hex/Fire       ####....     3%          3    None
e - Olgreb's Toxic Radia  Pois           #####...     3%          4    ###....
f - Slow                  Hex            ####....     1%          2    None
g - Freeze                Ice            ###.         2%          1    None
h - Venom Bolt            Conj/Pois      ######....   4%          5    #####..
i - Throw Flame           Conj/Fire      #####.       1%          2    None

Your spell library contained the following spells:

 Spells                   Type           Power        Failure   Level  Hunger
 Corona                   Hex            ####...      1%          1    None
 Portal Projectile        Hex/Tloc       ###...       8%          3    None
 Cause Fear               Hex            ####......   10%         4    ###....
 Leda's Liquefaction      Hex/Erth       ###.......   26%         4    ###....


Dungeon Overview and Level Annotations

Branches:
Dungeon (9/15)             Temple (1/1) D:5            Lair (1/6) D:9
    Orc: D:9-12

Altars:
Ashenzari
Cheibriados
Dithmenos
Elyvilon
Fedhas
Gozag
Hepliaklqana
Kikubaaqudgha
Makhleb
Nemelex Xobeh
Okawaru
Qazlal
Ru
Sif Muna
Trog
Uskayaw
Vehumet
Wu Jian
Xom
Yredelemnul
Zin
The Shining One

Annotations:
D:6 exclusion: 2 wights
D:7 1 runed door, ThisFiasco's ghost, novice KoBe


Message History

You hit the black mamba. You burn the black mamba.
The black mamba is heavily wounded.
* * * LOW HITPOINT WARNING * * *
You feel sick.
The black mamba bites you but does no damage.
You slash the black mamba! You burn the black mamba.
The black mamba is almost dead.
* * * LOW HITPOINT WARNING * * *
You feel sick.
The black mamba bites you but does no damage.
You closely miss the black mamba.
The black mamba is almost dead.
* * * LOW HITPOINT WARNING * * *
You feel sick. The black mamba bites you.
* * * LOW HITPOINT WARNING * * *
You miss the black mamba.
The black mamba is almost dead.
* * * LOW HITPOINT WARNING * * *
You feel sick. The black mamba bites you.
You die...

#.. ######
#..###....##
...P.......###
#......<....##
#............##
#.............#
.#...S........#
#....♣........
##............
##...........
##..........
#..........
#..#.##....
##..## #.## ##.
##


You could see a black mamba.

Vanquished Creatures
  Harold (D:9)
  Pikel (D:8)
  An elephant (D:8)
  Maurice (D:9)
  A spiny frog (Lair:1)
  A troll (D:9)
  2 hippogriffs
  2 wyverns
  8 yaks (D:9)
  2 basilisks (D:9)
  A hungry ghost (D:7)
  2 water moccasins (D:9)
  2 orc warriors (D:8)
  2 sky beasts (D:9)
  An ice beast (D:5)
  A black bear (D:6)
  3 phantoms
  4 slaves (D:8)
  7 ogres
  4 centaurs
  A crocodile (D:9)
  A big kobold (D:8)
  7 bullfrogs
  A wight (D:6)
  8 howler monkeys
  2 crimson imps
  A bullfrog zombie (D:7)
  A centaur skeleton (D:9)
  3 hounds
  3 orc priests
  6 orc wizards
  An iguana (D:6)
  8 worker ants
  Natasha (thrice) (D:4)
  2 hound skeletons
  2 worker ant zombies (D:5)
  4 gnolls
  7 adders
  4 shadow imps
  An ooze (D:2)
  An adder skeleton (D:4)
  2 dart slugs
  A worm (D:2)
  7 leopard geckos
  38 orcs
  2 ball pythons
  10 bats
  8 giant cockroaches
  8 goblins
  10 hobgoblins
  9 jackals
  2 quokkas (D:4)
  4 frilled lizards
  13 kobolds
  A quokka zombie (D:5)
  6 rats
  A spectral orc (D:8)
236 creatures vanquished.

Notes
Turn   | Place    | Note
-------+----------+-------------------------------------------
     0 | D:1      | Folque the Deep Elf Venom Mage began the quest for the Orb.
     0 | D:1      | Reached XP level 1. HP: 10/10 MP: 6/6
   164 | D:1      | Reached XP level 2. HP: 15/16 MP: 4/8
   190 | D:1      | Learned a level 2 spell: Poisonous Vapours
   489 | D:1      | Reached XP level 3. HP: 20/20 MP: 6/10
   542 | D:1      | Reached skill level 1 in Fighting
  1642 | D:2      | Learned a level 3 spell: Mephitic Cloud
  1703 | D:2      | Found a hide-covered altar of Uskayaw.
  1867 | D:2      | Reached XP level 4. HP: 25/25 MP: 1/11
  2637 | D:2      | Reached skill level 5 in Poison Magic
  3133 | D:3      | Reached XP level 5. HP: 29/29 MP: 13/13
  3529 | D:3      | Found a sparkling altar of Nemelex Xobeh.
  3692 | D:3      | Found a faded altar of an unknown god.
  4089 | D:4      | Noticed Natasha
  4114 | D:3      | Reached skill level 1 in Air Magic
  4350 | D:4      | Reached XP level 6. HP: 33/35 MP: 10/15
  4438 | D:4      | Reached skill level 5 in Spellcasting
  4453 | D:4      | Reached skill level 2 in Conjurations
  4696 | D:4      | Killed Natasha
  4830 | D:4      | Noticed Natasha
  4844 | D:4      | Killed Natasha
  5006 | D:4      | Noticed Natasha
  5009 | D:4      | Killed Natasha
  5129 | D:4      | Reached XP level 7. HP: 28/40 MP: 17/17
  5233 | D:5      | Entered Level 5 of the Dungeon
  5588 | D:5      | Reached skill level 3 in Conjurations
  5805 | D:5      | Found a staircase to the Ecumenical Temple.
  5948 | D:5      | Found a bloodstained altar of Trog.
  5948 | D:5      | Found a burning altar of Makhleb.
  5948 | D:5      | Found a radiant altar of Vehumet.
  5948 | D:5      | Found a sparkling altar of Nemelex Xobeh.
  5968 | D:5      | Reached skill level 4 in Conjurations
  6274 | D:5      | Found a glowing golden altar of the Shining One.
  6279 | D:5      | Found a snail-covered altar of Cheibriados.
  6299 | D:5      | Became a worshipper of Vehumet
  6345 | Temple   | Entered the Ecumenical Temple
  6788 | D:6      | Reached XP level 8. HP: 39/44 MP: 18/20
  7061 | D:6      | Reached skill level 1 in Throwing
  8231 | D:6      | Got a steaming cloak
  8237 | D:6      | Identified the +2 cloak of Gestures {Slay+3} (You found it
                  | on level 6 of the Dungeon)
  8899 | D:7      | Reached skill level 1 in Axes
  8899 | D:7      | Reached skill level 5 in Dodging
  9150 | D:7      | Learned a level 3 spell: Inner Flame
  9155 | D:7      | Learned a level 4 spell: Olgreb's Toxic Radiance
  9158 | D:7      | Learned a level 2 spell: Slow
  9209 | D:7      | Found a runed door.
  9209 | D:7      | Noticed ThisFiasco's ghost (novice KoBe)
  9242 | D:7      | Reached XP level 9. HP: 52/52 MP: 2/23
  9502 | D:7      | Reached skill level 1 in Hexes
  9859 | D:8      | Reached skill level 5 in Conjurations
  9859 | D:8      | Reached skill level 1 in Fire Magic
  9889 | D:8      | Found a shadowy altar of Dithmenos.
 10061 | D:8      | Reached * piety under Vehumet
 10061 | D:8      | Offered knowledge of Freeze by Vehumet.
 10065 | D:8      | Noticed Pikel
 10403 | D:8      | Reached skill level 6 in Conjurations
 10546 | D:8      | Found a blossoming altar of Fedhas.
 10811 | D:8      | Learned a level 1 spell: Freeze
 11165 | D:8      | Killed Pikel
 11165 | D:8      | Reached skill level 7 in Conjurations
 11483 | D:8      | Reached skill level 1 in Ice Magic
 11524 | D:8      | Found a basalt altar of Yredelemnul.
 11592 | D:9      | Noticed Maurice
 11610 | D:9      | Killed Maurice
 11610 | D:9      | Reached skill level 8 in Conjurations
 11610 | D:9      | Reached XP level 10. HP: 56/56 MP: 12/24
 11761 | D:9      | Found a staircase to the Lair.
 11761 | D:9      | Noticed an elephant
 11787 | D:9      | Reached skill level 1 in Evocations
 11794 | D:8      | Killed an elephant
 11961 | D:9      | Noticed Harold
 11967 | D:9      | Reached ** piety under Vehumet
 11981 | D:9      | Reached skill level 9 in Conjurations
 12111 | D:9      | Offered knowledge of Throw Flame by Vehumet.
 12132 | D:9      | Killed Harold
 12216 | D:9      | Found a glowing silver altar of Zin.
 12533 | D:9      | Reached skill level 10 in Conjurations
 12540 | D:9      | Learned a level 5 spell: Venom Bolt
 12543 | D:9      | Learned a level 2 spell: Throw Flame
 12867 | D:9      | Reached XP level 11. HP: 49/61 MP: 14/25
 13365 | Lair:1   | Entered Level 1 of the Lair of Beasts
 13403 | Lair:1   | HP: 6/136 [poisoned by a black mamba]
 13404 | Lair:1   | Slain by a black mamba

Skill      XL: |  1  2  3  4  5  6  7  8  9 10 11 |
---------------+----------------------------------+-----
Poison Magic   | 4 5 6 7 |  7.1
Fighting       | 1 2 3 4 |  4.0
Spellcasting   | 4 5 6 8 |  8.1
Air Magic      | 1 |  1.1
Conjurations   | 2 4 8 10 | 10.6
Dodging        | 3 5 7 8 |  8.3
Throwing       | 2 |  2.1
Axes           | 1 2 |  2.0
Hexes          | 4 |  4.6
Fire Magic     | 4 |  4.0
Ice Magic      | 1 2 |  2.4
Evocations     | 4 |  4.0
Stealth        | |  2.4

Action                   |  1- 3 |  4- 6 |  7- 9 | 10-12 || total
-------------------------+-------+-------+-------+-------++-------
Melee: Unarmed           |    14 |       |       |       ||    14
       Dagger            |    34 |       |       |       ||    34
       Whip              |    13 |    92 |    58 |       ||   163
       Hand axe          |       |       |   156 |    32 ||   188
       Rapier            |       |       |   137 |       ||   137
Throw: Tomahawk          |       |       |    10 |       ||    10
       Javelin           |       |       |     4 |    10 ||    14
 Cast: Sting             |    89 |    57 |   139 |    39 ||   324
       Poisonous Vapours |     4 |    20 |    96 |    44 ||   164
       Mephitic Cloud    |       |     6 |    21 |    14 ||    41
       Inner Flame       |       |       |    20 |     6 ||    26
       Olgreb's Toxic Ra |       |       |     8 |     7 ||    15
       Slow              |       |       |     5 |    16 ||    21
       Freeze            |       |       |       |    24 ||    24
       Venom Bolt        |       |       |       |     1 ||     1
       Throw Flame       |       |       |       |     4 ||     4
Evoke: Wand              |       |     9 |    30 |       ||    39
  Use: Scroll            |     4 |     1 |     9 |     1 ||    15
       Potion            |       |     1 |     1 |     2 ||     4
 Stab: Sleeping          |     5 |     3 |     2 |       ||    10
       Distracted        |       |       |     1 |       ||     1
       Confused          |       |       |       |     1 ||     1
  Eat: Chunk             |     3 |    10 |    17 |     5 ||    35
       Ration            |       |       |     2 |       ||     2
Armor: Robe              |    13 |    24 |    79 |    12 ||   128
       Skin              |       |     3 |    10 |     6 ||    19
Dodge: Dodged            |    63 |    80 |   289 |    83 ||   515
